AoeStats
← Jarom

MegaRandom

506391037Analyzed
2v2 RM · 19d ago on Sep 13, 2026· 51m 56s· 4 players
Game mode
Random Map
Map size
Medium (4 player)
Population
200
Speed
Normal
Resources
Standard
Victory
Conquest
Starting age
Dark Age
Ending age
Imperial Age
RankedLock teamsTeams togetherTeam positionsShared explorationLock speedFull tech treeHidden civsTurbo modeCheats
Victory
Defeat
🇩🇪 Dravidians · Germany
1454
+13
🇦🇹 Byzantines · Austria
1438
+14
🇵🇱 Magyars · Poland
1399
-14
🇩🇪 Huns · Germany
1388
-13
dawoagepl
0:33 Loom
8:51 Feudal Age
17:59 Horse Collar
22:01 Castle Age
21:23 Scale Barding Armor
22:01 Bloodlines
23:09 Chain Barding Armor
22:18 Light Cavalry
23:56 Husbandry
25:25 Fletching
27:11 Wheelbarrow
27:30 Heavy Plow
29:18 Gold Mining
33:50 Hand Cart
34:40 Gold Shaft Mining
33:55 Town Watch
38:08 Stone Mining
41:16 Imperial Age
41:20 Cavalier
42:38 Plate Barding Armor
42:09 Double-Bit Axe
43:41 Bodkin Arrow
44:55 Padded Archer Armor
45:58 Elite Skirmisher
dubidubi
6:17 Loom
9:12 Feudal Age
16:44 Castle Age
16:26 Fletching
20:34 Padded Archer Armor
21:30 Bodkin Arrow
22:37 Ballistics
22:49 Bloodlines
24:27 Double-Bit Axe
25:49 Husbandry
32:23 Gold Mining
32:36 Elite Skirmisher
34:51 Leather Archer Armor
41:48 Wheelbarrow
41:03 Town Watch
41:45 Bow Saw
47:16 Horse Collar
51:44 Imperial Age
49:54 Masonry
49:59 Heavy Plow
51:53 Hand Cart
52:27 Bracer
Jarom
8:03 Feudal Age
8:07 Man-at-Arms
8:33 Double-Bit Axe
8:38 Loom
10:57 Horse Collar
21:23 Castle Age
19:39 Gold Mining
19:53 Fletching
20:23 Padded Archer Armor
22:15 Bow Saw
22:02 Bodkin Arrow
21:28 Crossbowman
23:45 Wheelbarrow
28:43 Hand Cart
28:49 Husbandry
29:33 Town Watch
31:36 Scale Mail Armor
31:51 Leather Archer Armor
32:54 Thumb Ring
36:09 Imperial Age
34:53 Stone Mining
35:21 Heavy Plow
36:25 Ballistics
37:00 Bracer
37:55 Ring Archer Armor
37:43 Elite Elephant Archer
40:43 Coinage
41:23 Chemistry
41:37 Medical Corps
41:52 Conscription
41:52 Scale Barding Armor
42:17 Siege Elephant
43:34 Chain Barding Armor
44:15 Masonry
48:36 Murder Holes
Mike Hawks Magic
0:33 Loom
10:25 Feudal Age
13:29 Horse Collar
14:44 Double-Bit Axe
18:09 Fletching
23:05 Castle Age
21:29 Gold Mining
21:48 Padded Archer Armor
23:15 Scale Mail Armor
23:08 Elite Skirmisher
23:11 Pikeman
23:13 Crossbowman
23:54 Bodkin Arrow
29:54 Ballistics
29:52 Stone Mining
30:05 Arson
32:00 Squires
32:19 Chain Mail Armor
32:15 Forging
34:01 Leather Archer Armor
36:28 Thumb Ring
38:35 Bow Saw
42:29 Imperial Age
42:35 Iron Casting
42:38 Halberdier
42:49 Capped Ram
43:37 Scale Barding Armor
44:04 Plate Mail Armor
44:40 Bracer
46:14 Conscription
50:51 Gold Shaft Mining
50:25 Siege Ram
53:12 Chemistry
Connection lost

Rejoining the realm…

Still unreachable

The connection could not be restored.

Session expired

The server has moved on; the page needs a fresh start.